 Dungeon Crawl Stone Soup version 0.30.0 (webtiles) character file.

Game seed: 3462960523309632596

70 Silverhawk the Chopper (level 4, -5/39 HPs)
             Began as a Minotaur Berserker on Aug 21, 2023.
             Was a Believer of Trog.
             Killed from afar by an orc wizard (7 damage)
             ... with a magic dart
             ... on level 3 of the Dungeon.
             The game lasted 00:08:57 (2223 turns).

Silverhawk the Chopper (Minotaur Berserker)         Turns: 2223, Time: 00:08:58

Health: -5/39      AC:  5    Str: 23    XL:     4   Next: 4%
Magic:  3/3        EV: 16    Int:  4    God:    Trog [**....]
Gold:   113        SH:  0    Dex: 10    Spells: 3/3 levels left

rFire   . . .        a - +0 hand axe
rCold   . . .        (no shield)
rNeg    . . .        r - +0 ring mail
rPois   .            (helmet restricted)
rElec   .            (no cloak)
rCorr   .            (no gloves)
SInv    .            (no boots)
Will    .....        (no amulet) Stlth
                     e - +5 ring of evasion
HPRegen 0.26/turn    (no ring)
MPRegen 0.08/turn

%: no passive effects
@: no status effects
A: horns 2, retaliatory headbutt
a: Renounce Religion, Berserk, Trog's Hand


You were on level 3 of the Dungeon.
You worshipped Trog.
Trog was pleased with you.
You visited 1 branch of the dungeon, and saw 3 of its levels.

You collected 113 gold pieces.

Inventory:

Hand Weapons
 a - a +0 hand axe (weapon)
Armour
 b - a +0 animal skin
 r - a +0 ring mail (worn)
Jewellery
 e - a +5 ring of evasion (left hand)
 q - an amulet of faith
Wands
 m - a wand of charming (7)
Scrolls
 d - a scroll of torment {unknown}
 f - a scroll of fear {unknown}
 g - 2 scrolls of brand weapon {unknown}
 h - 3 scrolls of identify {unknown}
 i - a scroll of teleportation {unknown}
 k - a scroll of fog {unknown}
 l - a scroll of poison {unknown}
 o - a scroll of magic mapping {unknown}
 p - a scroll of silence {unknown}
 s - a scroll of amnesia {unknown}
 t - a scroll of noise {unknown}
Potions
 c - 2 potions of magic {unknown}
 j - a potion of heal wounds {unknown}
 n - a potion of curing {unknown}


   Skills:
 - Level 3.6 Fighting
 + Level 6.0 Axes
 - Level 2.4 Armour
 - Level 2.1 Dodging


You had 3 spell levels left.
You didn't know any spells.
Your spell library was empty.

Dungeon Overview and Level Annotations

Branches:
Dungeon (3/15)

Altars:

Shops:
D:1 ?

Annotations:
D:3 2 transporters


Innate Abilities, Weirdness & Mutations

You have a pair of horns on your head.
You reflexively headbutt those who attack you in melee.


Message History

The orc shouts!
The orc wizard gestures at you while chanting.
The puff of flame hits you!
You slash the orc wizard! You headbutt the orc wizard.
The orc wizard is severely wounded.
The orc wizard mumbles some strange words.
The orc wizard flickers and vanishes!
You completely miss something. Your punch misses something.
You hear some strange, mumbled words.
You are confused.
The orc wizard casts a spell.
The orc wizard flickers and vanishes!
You closely miss something. You headbutt something.
Something hits you but does no damage.
You bump into the rock wall.
You hear some strange, mumbled words.
A puff of flame appears from out of thin air!
The puff of flame hits you!
* * * LOW HITPOINT WARNING * * *
You bump into the rock wall.
Something hits you but does no damage.
You bump into the rock wall.
Something barely misses you.
You bump into the rock wall.
You hear some strange, mumbled words.
A puff of flame appears from out of thin air!
The puff of flame misses you.
You bump into the rock wall.
Something hits you but does no damage.
You bump into the rock wall.
You feel less confused. Something hits you.
* * * LOW HITPOINT WARNING * * *
You closely miss something.
You hear some strange, mumbled words.
A magic dart appears from out of thin air!
The magic dart hits you.
* * * LOW HITPOINT WARNING * * *
You barely miss something. Your headbutt misses something.
You hear some strange, mumbled words.
A magic dart appears from out of thin air!
The magic dart hits you!
You die...

### #.#.#>... ###
####. ..# ## #o# #
#{# # #{# #o# #{#
#@# #.# #######
#.# #.....# #.#
#....)# #.#
#.....# #.#
#.....#
#.####.....######
#...............##
##############....


You could see 2 orcs.

Vanquished Creatures
  A worm (D:3)
  2 dart slugs (D:2)
  7 endoplasms
  2 giant cockroaches
  5 goblins
  5 hobgoblins
  7 jackals
  6 kobolds
  4 quokkas
  4 ball pythons
  3 bats
  2 frilled lizards
  11 rats
59 creatures vanquished.

Notes
Turn   | Place    | Note
-------+----------+-------------------------------------------
     0 | D:1      | Silverhawk the Minotaur Berserker began the quest for the
                  | Orb.
     0 | D:1      | Reached XP level 1. HP: 19/19 MP: 0/0
    57 | D:1      | Reached skill level 4 in Axes
   100 | D:1      | Reached XP level 2. HP: 13/26 MP: 1/1
   201 | D:1      | Found a faded altar of an unknown god.
   237 | D:1      | Found Zosk's Magic Scroll Emporium.
   489 | D:1      | Reached skill level 5 in Axes
   548 | D:1      | Reached ** piety under Trog
   853 | D:2      | Reached XP level 3. HP: 31/31 MP: 2/2
  1790 | D:3      | Found a transporter.
  1812 | D:3      | Found a transporter.
  2182 | D:3      | Reached XP level 4. HP: 38/39 MP: 3/3
  2183 | D:3      | Reached skill level 6 in Axes
  2223 | D:3      | Killed from afar by an orc wizard

Illustrated notes

Levels and vault maps discovered:
D:1:      psy_arrival_dodecagon, layout_loops_ring, serial_shops,
          nicolae_shop_behind_doors, ebering_ecumenical_altar_box,
          chequers_mini_garden, minmay_indecisive_spiral
D:2:      layout_loops_corners
D:3:      gammafunk_wand_slinger, layout_basic

Skill      XL: |  1  2  3  4 |
---------------+-------------+-----
Axes           | 4 5 6 |  6.0
Fighting       | |  3.6
Armour         | |  2.4
Dodging        | |  2.1

Action                     |  1- 3 |  4- 6 || total
---------------------------+-------+-------++-------
  Melee: Hand axe          |   102 |    10 ||   112
         Headbutt          |    15 |     2 ||    17
         Punch             |     2 |       ||     2
 Armour: Animal skin       |     9 |       ||     9
         Ring mail         |     9 |     3 ||    12
  Dodge: Dodged            |    66 |     3 ||    69
